WIbb, chaotic male elven Wizard ----- ----- ##...[|####-...| ---------- # |....# |.{.| |........| ### |*..| |...| |(.......| # |...| |...| |........| # -+-|- |....####### |.......<| # # -+--- # --------------- ---------- --|-.----- # [ ### |..............######.........| ####### # ## a |.............| |....>...| ##### # # #@# |.............| |........| -.---.-# . f |......{......| |........| |......# | ##..............| |..`.....| |.....| -------.------- |........| |....^| # ---------- |..<..| ------- WIbb the Conjurer Experience level: 5 Strength: 10 Dexterity: 16 Constitution: 16 Intelligence: 14 Wisdom: 14 Charisma: 9 Health: 0(46) Energy: 64(64) Def: 8 Gold: 555 Moves: 3478 Dungeon seed: _wGzH6ldARWkQ7sz Game ID: WIbb_1676360104 Your Inventory: Amulets u - an uncursed amulet of reflection (being worn) Weapons d - a blessed +1 quarterstaff (weapon in hands) F - a blessed +1 quarterstaff N - 8 uncursed +0 darts Y - an uncursed +0 knife Armor e - an uncursed +0 cloak of magic resistance (being worn) n - an uncursed +0 ring mail (being worn) q - an uncursed +0 pair of iron shoes (being worn) Z - a blessed +1 orcish helm (being worn) Comestibles t - an uncursed tripe ration B - an uncursed egg K - 2 uncursed mangos L - 2 uncursed food rations Scrolls E - 3 uncursed scrolls of enchant armor Q - an uncursed scroll of blank paper R - a blessed scroll of blank paper S - a cursed scroll of blank paper V - an uncursed scroll of remove curse Spellbooks G - an uncursed spellbook of create familiar Potions l - a cursed potion of gain ability s - 2 uncursed potions of confusion z - an uncursed potion of extra healing U - an uncursed potion of gain energy W - an uncursed potion of monster detection Rings C - a cursed -2 ring of searching J - an uncursed ring of warning M - an uncursed ring of polymorph control Wands b - an uncursed wand of striking (0:5) D - a blessed wand of magic missile (0:7) Tools h - an uncursed tooled horn k - an uncursed skeleton key p - an uncursed wooden harp w - an uncursed magic whistle x - an uncursed +0 pick-axe (alternate weapon; not wielded) T - an uncursed blindfold Gems r - an uncursed chrysoberyl stone y - an uncursed worthless piece of yellowish brown glass Coins $ - 555 gold pieces Spells and supernatural/magical abilities: Name Level Category Cost Memory a - force bolt 1 attack 8pw 95% l - light 1 divination 12pw 95% m - magic missile 2 attack 25pw 95% v - clairvoyance 3 divination 100pw 96% x - extra healing 3 healing 100pw 95% B - cure blindness 2 healing 25pw 100% O - summoning 2 clerical 25pw 100% W - pray for help -- divine ? -- Your skills at the end: Fighting Skills wands [Basic] Weapon Skills quarterstaff [Skilled] Spellcasting Skills attack spells [Basic] enchantment spells [Basic] Final Attributes: You were piously aligned. You were immune to sleep. You were magic resistant. You saw invisible. You had infravision. You had reflection. Anhur was noncommittal. You are dead. Vanquished creatures: a jaguar 4 Mordor orcs a rock piercer 3 ponies a yellow light a shrieker a kobold mummy a paper golem a floating eye 2 kittens a dwarf a kobold shaman a rothe a giant bat 3 monkeys an iguana an acid blob 3 coyotes 2 gas spores a large kobold 6 giant rats 2 yellow molds a green mold 2 gnomes a gnome zombie 2 geckos 8 jackals 2 foxes a goblin a sewer rat 4 grid bugs 4 lichens 2 kobold zombies 7 newts 74 creatures vanquished. Voluntary challenges: You were an atheist. You used a wielded weapon 73 times, starting on turn 107. You read items or engraved 14 times, starting on turn 522. You never genocided any monsters. You never polymorphed an object. You never changed form. You used no wishes. You never split a pudding. You wrote Elbereth's name 1 time, starting on turn 2512. You never violated your personal moral code. Dungeon overview: The Dungeons of Doom: levels 1 to 8 Level 1 some fountains a long staircase Level 2 a general store, some fountains Level 3 a fountain Level 4 a fountain a long staircase Level 5 some fountains Level 6 many fountains Level 7 <- You were here some fountains a long staircase Level 8 History has recorded: On T:1 you entered the Dungeons of Doom to retrieve the Amulet of Yendor! On T:69 you reached level 2 of The Dungeons of Doom. On T:984 you reached level 3 of The Dungeons of Doom. On T:1230 you advanced to experience level 2. On T:1466 you reached level 4 of The Dungeons of Doom. On T:1560 you reached level 5 of The Dungeons of Doom. On T:1667 you advanced to experience level 3. On T:2020 you reached level 6 of The Dungeons of Doom. On T:2262 you advanced to experience level 4. On T:3066 you advanced to experience level 5. On T:3164 you reached level 7 of The Dungeons of Doom. On T:3407 you reached level 8 of The Dungeons of Doom. Score breakdown: Gold: 555 ( 9337 points) Experience: 5 levels (11141 points) Exploration: 8 levels ( 16.00%) (11338 points) Discoveries: 7 items ( 2.44%) ( 4685 points) Valuables value: (no points given unless you survive) Artifact value: 0 ( 0 points) Variety of kills: 34 monsters ( 8.95%) ( 8973 points) Turncount: 3478 turns ( -818 points) Survival: died (score multiplied by 80%) Total score: 35724 Latest messages: The spellbook disappears. [4 turns] You begin to memorize the runes. You add cure blindness to your repertoire. The spellbook disappears. [3 turns] You see here a statue of a floating eye. You stop exploring. The fire ant bites! (2x) You are on fire! The fire ant bites! (2x) You are on fire! [2 turns] The fire ant bites! The fire ant misses. The fire ant bites! (2x) You are on fire! The fire ant just misses! The fire ant bites! You are on fire! [2 turns] You write in the dust with your fingers. The fire ant bites! You die... Final status: Goodbye WIbb the Wizard, killed by a fire ant... You died in The Dungeons of Doom on dungeon level 7 with 35724 points, and 555 pieces of gold, after 3478 moves. You were level 5 with a maximum of 46 hit points when you died.